Map: Ancient Cistern LE

Players

dgillyerek

  • Race: Zerg Zerg
  • League: Diamond
  • Spawn Location: 1:00

Obvi - Winner!

  • Race: Zerg Zerg
  • League: Diamond
  • Spawn Location: 7:00

VOD

Have the link to the VOD?

Description

Time

  • Played on: July 10, 2023, 8:51 p.m.
  • Length: 10:17
Show
View Real Time Build Order
Export as new Build Order

dgillyerek Zerg 

Build Orders: Hatch First 

Get SALT Encoding   

  12  0:02  Drone  
  13  0:13  Overlord  
  13  0:17  Drone  
  14  0:32  Drone x2  
  16  0:35  Drone  
  17  0:53  Hatchery  
  16  0:58  Drone, Extractor  
  16  1:01  Drone  
  17  1:16  Spawning Pool  
  16  1:22  Drone x2  
  18  1:30  Drone  
  19  1:47  Overlord  
  19  2:03  Metabolic Boost, Queen  
  19  2:05  Zergling x4  
  19  2:07  Queen  
  25  2:10  Drone  
  26  2:23  Drone x3  
  29  2:36  Drone x2  
  31  2:38  Queen  
  33  2:52  Drone x3  
  36  3:08  Hatchery  
  35  3:13  Drone  
  35  3:14  Overlord x2  
  36  3:27  Overlord  
  36  3:28  Overlord x2  
  36  3:39  Zergling x2  
  36  3:40  Zergling x8  
  40  3:50  Zergling x2  
  40  3:51  Zergling x2  
  42  3:56  Spine Crawler x2  
  42  3:57  Spine Crawler  
  42  4:01  Zergling x4  
  41  4:09  Drone x4  
  45  4:12  Lair  
  44  4:29  Zergling x4  
  44  4:30  Zergling x6  
  43  4:38  Zergling x2  
  41  4:42  Zergling x6  
  44  4:54  Roach Warren, Evolution Chamber  
  37  5:09  Drone  
  37  5:10  Drone x7  
  37  5:12  Extractor  
  37  5:14  Extractor  
  42  5:34  Roach x5, Glial Reconstitution  
  52  5:36  Zerg Missile Weapons Level 1  
  52  5:43  Drone  
  52  5:44  Drone x3  
  52  5:47  Roach  
  58  5:56  Roach x2  
  58  5:57  Roach  
  64  5:59  Roach  
  66  6:10  Hatchery  
  65  6:17  Roach  
  67  6:19  Drone  
  67  6:20  Overlord x2  
  69  6:33  Overlord x2  
  69  6:37  Overlord x2  
  69  6:41  Roach  
  69  6:42  Roach x5  
  81  6:47  Baneling Nest  
  80  6:56  Drone x4  
  80  7:01  Roach  
  86  7:08  Roach x2, Hatchery  
  87  7:30  Baneling x2  
  87  7:31  Baneling  
  87  7:32  Zergling x2  
  87  7:33  Zergling x18  
  87  7:35  Zerg Missile Weapons Level 2  
  87  8:14  Roach x4, Zergling x10  
  83  8:24  Zergling x2  
  83  8:25  Zergling x8  
  69  8:46  Roach x4, Zergling x10  
  69  8:47  Roach  
  77  8:55  Roach, Zergling x4  
  80  9:00  Roach x3  
  76  9:11  Roach  
  76  9:12  Roach x2  
  82  9:30  Roach  
  82  9:31  Roach x7  
  86  9:36  Roach x2  
  86  9:37  Roach x2  
  90  9:40  Roach  
Show
View Real Time Build Order
Export as new Build Order

Obvi Zerg - Winner!

Build Orders: Hatch First 

Get SALT Encoding   

  12  0:00  Drone  
  13  0:14  Overlord  
  13  0:17  Drone  
  14  0:33  Drone x2  
  16  0:48  Hatchery  
  15  0:51  Drone  
  15  0:55  Drone  
  17  0:58  Drone  
  18  1:09  Extractor  
  17  1:13  Spawning Pool  
  17  1:16  Drone  
  17  1:20  Drone  
  18  1:30  Drone  
  19  1:41  Overlord  
  19  1:56  Drone  
  19  2:00  Queen  
  19  2:01  Queen  
  24  2:02  Zergling x2  
  24  2:06  Drone  
  26  2:10  Metabolic Boost  
  26  2:11  Drone  
  26  2:14  Drone  
  28  2:22  Drone  
  29  2:24  Drone  
  29  2:28  Roach Warren  
  29  2:34  Drone  
  30  2:53  Overlord  
  30  2:56  Overlord  
  30  3:00  Overlord  
  30  3:02  Overlord  
  30  3:05  Overlord  
  30  3:13  Roach x3  
  30  3:15  Roach x2  
  30  3:16  Roach  
  30  3:19  Roach  
  44  3:36  Queen  
  44  3:45  Drone  
  45  3:53  Zergling x14  
  52  4:02  Zergling x2  
  53  4:04  Zergling x2  
  53  4:09  Hatchery  
  52  4:28  Zergling x14  
  54  4:38  Drone  
  55  4:42  Drone  
  55  4:43  Queen  
  58  4:49  Drone x2  
  58  5:00  Drone  
  58  5:02  Drone  
  59  5:08  Drone  
  60  5:19  Drone x7  
  60  5:20  Ravager  
  68  5:26  Drone  
  69  5:28  Extractor  
  69  5:29  Extractor  
  69  5:34  Evolution Chamber  
  66  5:36  Evolution Chamber  
  66  5:37  Drone x2  
  67  5:44  Drone x3  
  67  5:45  Drone  
  71  5:50  Drone  
  72  5:59  Drone  
  72  6:01  Overlord  
  72  6:03  Overlord  
  73  6:04  Overlord  
  73  6:06  Overlord  
  73  6:20  Drone  
  73  6:21  Drone x4  
  73  6:22  Roach x5  
  90  6:33  Roach x3  
  90  6:39  Lair  
  94  6:41  Zerg Missile Weapons Level 1  
  94  6:43  Roach x3  
  100  6:55  Roach x3  
  106  7:04  Overlord x2  
  106  7:05  Zerg Ground Armor Level 1  
  106  7:11  Overlord  
  106  7:25  Roach  
  106  7:26  Roach x7  
  122  7:30  Hatchery  
  121  7:39  Roach  
  121  7:40  Roach x3  
  121  7:42  Drone, Hatchery  
  121  7:43  Drone  
  128  8:02  Roach  
  129  8:10  Roach  
  129  8:11  Roach x5  
  125  8:15  Roach x3  
  125  8:17  Roach x3  
  125  8:27  Roach x2  
  125  8:29  Queen x2  
  129  8:34  Queen  
  129  8:38  Roach, Overlord  
  129  8:39  Overlord x5  
  123  9:02  Roach x7  
  145  9:03  Roach x4  
  145  9:05  Queen  
  145  9:14  Extractor  
  145  9:16  Drone  
  145  9:17  Drone x5, Extractor  
  150  9:18  Extractor  
  146  9:41  Drone x2  
  146  9:42  Drone x2  
  146  9:43  Drone x2  
  146  9:44  Drone  
  163  10:00  Hatchery  
  163  10:02  Hatchery  
Tags
 
Add a new tag
Caveats
  • Supply blocks, unpowered buildings, or Contaminate may cause inaccurate times.
  • Supply counts are checked every 10 seconds.